 Dungeon Crawl Stone Soup version 0.20.1-2-g1830e616b0 (webtiles) character file.

123 Trettiofem the Slasher (level 4, 0/37 HPs)
             Began as a Centaur Warper on Apr 16, 2019.
             Succumbed to an adder's poison
             ... on level 2 of the Dungeon.
             The game lasted 00:39:52 (4866 turns).

Trettiofem the Slasher (Centaur Warper)             Turns: 4866, Time: 00:39:52

Health: 0/37       AC:  4    Str: 14    XL:     4   Next: 80%
Magic:  6/6        EV:  9    Int: 12    God:
Gold:   110        SH:  0    Dex:  9    Spells: 6/6 levels left

rFire    . . .     SeeInvis .   a - +0 falchion
rCold    . . .     Gourm    .   (no shield)
rNeg     . . .     Faith    .   b - +0 leather armour
rPois    .         Spirit   .   (no helmet)
rElec    .         Reflect  .   (no cloak)
rCorr    .         Harm     .   (no gloves)
MR       .....                  (no barding)
Stlth    ..........             (no amulet)
Regen    0.2/turn               (no ring)
MPRegen  0.1/turn               (no ring)

@: lethally poisoned (0 -> -2), very quick
A: hooves 3, deformed body, speed 2, tough skin 3
a: no special abilities


You were on level 2 of the Dungeon.
You were near starving.

You visited 1 branch of the dungeon, and saw 3 of its levels.

You collected 110 gold pieces.

Inventory:

Hand Weapons
 a - a +0 falchion (weapon)
 k - a +0 dagger
 n - a +0 club
 q - a +0 spear
 r - a +0 whip
 x - a cursed -3 hunting sling
 y - a +0 club
 z - a +0 hand axe
Missiles
 e - 5 tomahawks of dispersal (quivered)
 l - 80 stones
 o - 58 arrows
 t - 13 poisoned needles
Armour
 b - a +0 leather armour (worn)
 h - a cursed +0 robe
 s - a +0 leather armour
 u - a +0 robe
 B - a +0 buckler
Scrolls
 d - 2 scrolls of blinking
 f - a scroll of fear {unknown}
 g - 6 scrolls of identify {unknown}
 m - a scroll of remove curse
Potions
 i - a potion of lignification {unknown}
 j - a potion of brilliance
 v - 3 potions of flight {unknown}
 A - 2 potions of magic
Books
 c - a book of Spatial Translocations

   Spells                             Type                      Level
   a - Blink                          Translocation                2
   b - Shroud of Golubria             Charms/Translocation         2
   c - Lesser Beckoning               Translocation                3
   d - Gell's Gravitas                Translocation                3
   e - Teleport Other                 Translocation                3
   f - Passage of Golubria            Translocation                4
Comestibles
 p - 2 royal jellies
 w - 4 meat rations


   Skills:
 + Level 2.9 Fighting
 + Level 3.1 Long Blades
 + Level 1.1 Throwing
 + Level 1.6 Armour
 + Level 1.6 Dodging
 + Level 0.1 Stealth
 + Level 1.9 Spellcasting
   Level 2.6 Translocations


You had 6 spell levels left.
You didn't know any spells.

Dungeon Overview and Level Annotations

Branches:
Dungeon (3/15)

Altars:
Ashenzari
Kikubaaqudgha
Trog


Innate Abilities, Weirdness & Mutations

You have hooves in place of feet.
Armour fits poorly on your strangely shaped body.
You cover ground very quickly.
You have extremely tough skin. (AC +3)


Message History

You kill the jackal!
You hit the worm but do no damage. Your kick misses the worm.
The worm is moderately wounded.
The adder barely misses you. The adder bites you.
You are poisoned.
The adder poisons you!
A jackal comes into view.
You feel sick.
The jackal barks!
The adder bites you. The worm bites you!
* * * LOW HITPOINT WARNING * * *
You climb upwards.
* * * LOW HITPOINT WARNING * * *
You feel sick.
There is a stone staircase leading down here.
The adder bites you.
* * * LOW HITPOINT WARNING * * *
* * * LOW HITPOINT WARNING * * *
You feel sick. The adder barely misses you.
You die...

#.......# #.#####.#
#.#####.# #.#.....#
#.#.##### #.......#
#.......# #..#)...# #######
#@.S....#
########.....###.##w#..#
..รท...................>####
..######.#...###.##.#.)...#
..# #.#.#####....#..##)# ..#
#.........####..<#.#
..########.#####.#......#.#
.........#.#####.#.....##.#
#........#.....#.#####.##.#


You could see a worm and an adder.

Vanquished Creatures
  4 adders (D:2)
  3 oozes (D:1)
  4 worms (D:2)
  A dart slug (D:1)
  A leopard gecko (D:2)
  14 goblins
  6 hobgoblins
  7 jackals
  5 kobolds
  A ball python (D:1)
  8 bats
  4 frilled lizards
  4 rats
62 creatures vanquished.

Notes
Turn   | Place    | Note
-------+----------+-------------------------------------------
     0 | D:1      | Trettiofem the Centaur Warper began the quest for the Orb.
     0 | D:1      | Reached XP level 1. HP: 17/17 MP: 3/3
   145 | D:1      | Reached skill level 2 in Long Blades
   210 | D:1      | Reached XP level 2. HP: 19/24 MP: 4/4
   772 | D:1      | Reached XP level 3. HP: 23/30 MP: 5/5
  1649 | D:2      | Reached skill level 1 in Armour
  1980 | D:2      | Found an ancient bone altar of Kikubaaqudgha.
  1980 | D:2      | Found a shattered altar of Ashenzari.
  2148 | D:2      | Reached XP level 4. HP: 13/37 MP: 6/6
  3537 | D:2      | Reached skill level 3 in Long Blades
  4335 | D:2      | Found a bloodstained altar of Trog.
  4862 | D:2      | HP: 1/37 [poisoned by an adder]
  4866 | D:2      | Succumbed to an adder's poison

Skill      XL: |  1  2  3  4 |
---------------+-------------+-----
Long Blades    | 2 3 |  3.1
Armour         | 1 |  1.6
Fighting       | |  2.9
Throwing       | |  1.1
Dodging        | |  1.6
Stealth        | |  0.1
Spellcasting   | |  1.9
Translocations | |  2.6

Action                   |  1- 3 |  4- 6 || total
-------------------------+-------+-------++-------
Melee: Falchion          |   101 |    96 ||   197
       Kick              |    24 |    18 ||    42
  Use: Scroll            |     2 |       ||     2
       Potion            |     3 |       ||     3
  Eat: Bread ration      |     1 |       ||     1
       Royal jelly       |     1 |       ||     1
       Chunk             |       |     2 ||     2
Armor: Leather armour    |    29 |    31 ||    60
Dodge: Dodged            |    43 |    33 ||    76
       Rpst.: Falchion   |    19 |     9 ||    28
